[ AOE2 MATCH · #505248190 ]
UnrankedFranks vs Magyars
Player's team · LOSS
Rival team · WIN
[ REPLAY ANALYSIS · EXTRACTED FROM THE RECORDED GAME ]
Feudal
9:18
Castle
23:23
Imperial
37:05
| APM avg | 58.7 |
| APM peak | 106 |
| eAPM avg | 31.9 |
| Villagers / military | 166 / 111 |
Focus
⚔️ 50.9% · 🌾 49.1%
Archer ×44 · Knight ×44 · Spearman ×12 · Trebuchet (Packed) ×6 · Militia ×3 · Monk ×1
Feudal
8:54
Castle
22:06
Imperial
35:43
| APM avg | 59.8 |
| APM peak | 118 |
| eAPM avg | 20.9 |
| Villagers / military | 156 / 149 |
Focus
⚔️ 39.6% · 🌾 60.4%
Cavalry Archer ×54 · Knight ×44 · Scout Cavalry ×42 · Monk ×3 · Magyar Huszar ×3 · Trebuchet (Packed) ×2
Match map
Initial resources + every placement click. Lines = walls · curves = elevation contours. ◆ gold · ⬟ stone · ● berries · ✦ relic · ◌ wall gap
Your base· ✓ Closed at 23:23 · 41t walls · no gate
Jak3y's base· ✓ Closed at 22:06 · 33t walls · 1 gate(s)
Smoothed initial terrain · ◌ = detected wall gap · hover for details
Inputs per minute
— The nicest husband - - Jak3y
Build order — The nicest husband
First 150 of 445 actions detected
| 0:00 | Queue | Villager (Male) ×4 |
| 0:02 | Build | House |
| 0:03 | Build | House |
| 1:24 | Queue | Villager (Male) |
| 1:49 | Queue | Villager (Male) |
| 1:52 | Build | Lumber Camp |
| 2:20 | Queue | Villager (Male) |
| 2:44 | Queue | Villager (Male) |
| 2:59 | Queue | Villager (Male) |
| 3:44 | Queue | Villager (Male) |
| 3:47 | Queue | Villager (Male) |
| 3:50 | Build | House |
| 4:19 | Queue | Villager (Male) |
| 4:42 | Build | Mill |
| 4:54 | Queue | Villager (Male) |
| 4:55 | Queue | Villager (Male) |
| 5:23 | Queue | Villager (Male) |
| 5:53 | Build | Barracks |
| 6:01 | Queue | Villager (Male) |
| 6:06 | Research | Loom |
| 6:20 | Build | House |
| 7:08 | Research | Feudal Age |
| 7:22 | Queue | Militia |
| 7:28 | Build | Mining Camp |
| 7:50 | Queue | Militia |
| 8:04 | Build | House |
| 8:05 | Build | Palisade Wall |
| 8:11 | Queue | Militia |
| 9:11 | Queue | Villager (Male) |
| 9:18 | Age | Feudal Age |
| 9:19 | Research | Man-at-Arms (upgrade) |
| 9:19 | Research | Man-at-Arms (upgrade) |
| 9:20 | Queue | Villager (Male) |
| 9:31 | Queue | Villager (Male) |
| 9:37 | Queue | Villager (Male) |
| 9:41 | Queue | Spearman |
| 9:43 | Build | Archery Range |
| 10:00 | Queue | Villager (Male) |
| 10:03 | Build | House |
| 10:05 | Build | Palisade Wall |
| 10:33 | Queue | Archer |
| 10:37 | Queue | Villager (Male) |
| 10:43 | Research | Double-Bit Axe |
| 10:49 | Build | House |
| 10:52 | Build | Palisade Wall |
| 10:57 | Queue | Villager (Male) |
| 11:01 | Queue | Villager (Male) |
| 11:06 | Build | Palisade Wall |
| 11:06 | Build | House |
| 11:23 | Research | Arson |
| 11:33 | Build | House |
| 11:37 | Build | Palisade Wall |
| 11:45 | Queue | Villager (Male) |
| 12:11 | Queue | Villager (Male) |
| 12:20 | Queue | Villager (Male) |
| 12:27 | Queue | Archer |
| 12:30 | Build | House |
| 12:41 | Queue | Villager (Male) |
| 12:45 | Build | House |
| 12:46 | Build | Palisade Wall |
| 12:52 | Queue | Spearman |
| 13:16 | Queue | Villager (Male) |
| 13:18 | Queue | Archer |
| 13:18 | Queue | Archer |
| 13:26 | Queue | Villager (Male) |
| 13:27 | Queue | Villager (Male) |
| 13:35 | Build | Blacksmith |
| 13:38 | Build | House |
| 13:40 | Queue | Villager (Male) |
| 13:41 | Build | Farm |
| 13:41 | Build | Farm |
| 13:41 | Build | Farm |
| 13:50 | Queue | Archer |
| 13:54 | Build | Farm |
| 14:10 | Queue | Spearman |
| 14:15 | Build | House |
| 14:15 | Build | House |
| 14:26 | Research | Fletching |
| 14:44 | Build | Farm |
| 14:45 | Build | Farm |
| 14:59 | Queue | Archer |
| 15:04 | Queue | Villager (Male) |
| 15:05 | Build | Farm |
| 15:06 | Build | Farm |
| 15:41 | Queue | Villager (Male) |
| 15:41 | Queue | Villager (Male) |
| 15:56 | Queue | Archer |
| 15:57 | Queue | Villager (Male) |
| 15:59 | Build | Lumber Camp |
| 16:00 | Queue | Villager (Male) |
| 16:02 | Build | Farm |
| 16:03 | Build | Farm |
| 16:12 | Queue | Archer |
| 16:20 | Queue | Villager (Male) |
| 16:24 | Build | Farm |
| 16:28 | Build | Farm |
| 16:37 | Queue | Archer |
| 16:38 | Queue | Archer |
| 16:42 | Queue | Spearman |
| 16:55 | Queue | Spearman |
| 17:00 | Build | Farm |
| 17:02 | Build | Farm |
| 17:06 | Queue | Archer |
| 17:11 | Queue | Villager (Male) |
| 17:20 | Build | Farm |
| 17:23 | Build | Farm |
| 17:26 | Build | Farm |
| 17:27 | Queue | Villager (Male) |
| 17:35 | Build | Farm |
| 17:37 | Queue | Archer |
| 17:46 | Queue | Spearman |
| 17:47 | Queue | Villager (Male) |
| 17:55 | Build | Farm |
| 18:04 | Queue | Archer |
| 18:12 | Queue | Archer |
| 18:24 | Queue | Villager (Male) |
| 18:35 | Build | Archery Range |
| 18:43 | Build | Lumber Camp |
| 18:52 | Queue | Archer |
| 19:04 | Build | House |
| 19:17 | Build | House |
| 19:18 | Build | House |
| 19:26 | Queue | Villager (Male) |
| 19:27 | Queue | Archer |
| 19:33 | Queue | Villager (Male) |
| 19:37 | Queue | Spearman |
| 19:38 | Queue | Spearman |
| 19:51 | Queue | Villager (Male) |
| 19:58 | Queue | Archer |
| 20:01 | Queue | Archer |
| 20:06 | Build | House |
| 20:07 | Build | House |
| 20:11 | Build | House |
| 20:12 | Queue | Villager (Male) |
| 20:13 | Queue | Archer |
| 20:15 | Queue | Villager (Male) |
| 20:17 | Queue | Spearman |
| 20:43 | Research | Castle Age |
| 21:11 | Research | Gold Mining |
| 21:18 | Queue | Spearman |
| 21:19 | Queue | Spearman |
| 21:29 | Queue | Archer |
| 21:30 | Queue | Archer |
| 22:13 | Queue | Archer |
| 22:13 | Queue | Archer |
| 22:27 | Queue | Archer |
| 22:27 | Queue | Archer |
| 22:31 | Queue | Villager (Male) |
| 22:48 | Build | House |
| 22:52 | Build | Palisade Wall |
Build order — Jak3y
First 150 of 381 actions detected
| 0:00 | Queue | Villager (Male) |
| 0:00 | Queue | Villager (Male) |
| 0:02 | Build | House |
| 0:02 | Build | House |
| 0:51 | Queue | Villager (Male) |
| 0:52 | Queue | Villager (Male) |
| 1:34 | Queue | Villager (Male) |
| 1:57 | Queue | Villager (Male) |
| 2:21 | Queue | Villager (Male) |
| 2:27 | Queue | Villager (Male) |
| 2:28 | Queue | Villager (Male) |
| 2:51 | Queue | Villager (Male) |
| 2:54 | Build | Lumber Camp |
| 3:45 | Queue | Villager (Male) |
| 3:46 | Queue | Villager (Male) |
| 3:53 | Build | House |
| 4:04 | Queue | Villager (Male) |
| 4:40 | Queue | Villager (Male) |
| 4:46 | Build | House |
| 4:58 | Queue | Villager (Male) |
| 4:58 | Queue | Villager (Male) |
| 4:58 | Queue | Villager (Male) |
| 5:47 | Build | Mill |
| 6:15 | Research | Loom |
| 6:44 | Research | Feudal Age |
| 7:53 | Queue | Villager (Male) |
| 8:24 | Build | Barracks |
| 8:31 | Queue | Villager (Male) |
| 8:49 | Queue | Villager (Male) |
| 8:54 | Age | Feudal Age |
| 9:18 | Build | Stable |
| 9:28 | Queue | Spearman |
| 9:39 | Build | Stable |
| 9:46 | Queue | Villager (Male) |
| 9:51 | Build | House |
| 9:59 | Build | House |
| 10:25 | Queue | Villager (Male) |
| 10:27 | Build | House |
| 10:28 | Build | House |
| 10:35 | Queue | Scout Cavalry ×5 |
| 10:41 | Build | Palisade Wall |
| 10:55 | Queue | Villager (Male) |
| 10:56 | Queue | Villager (Male) |
| 11:00 | Build | Farm |
| 11:02 | Build | Farm |
| 11:04 | Build | House |
| 11:12 | Queue | Villager (Male) |
| 11:23 | Build | Farm |
| 11:25 | Build | Farm |
| 11:48 | Queue | Villager (Male) |
| 11:51 | Build | Farm |
| 12:25 | Queue | Scout Cavalry |
| 12:27 | Build | Farm |
| 12:28 | Build | Farm |
| 12:39 | Queue | Villager (Male) |
| 12:41 | Queue | Villager (Male) |
| 12:44 | Build | Farm |
| 13:09 | Queue | Scout Cavalry |
| 13:10 | Queue | Villager (Male) |
| 13:13 | Build | Farm |
| 13:14 | Build | Farm |
| 13:25 | Queue | Villager (Male) |
| 13:28 | Build | Farm |
| 13:33 | Build | Farm |
| 13:37 | Build | Palisade Wall |
| 13:40 | Queue | Scout Cavalry |
| 13:49 | Research | Horse Collar |
| 13:49 | Research | Horse Collar |
| 14:01 | Queue | Villager (Male) |
| 14:05 | Queue | Scout Cavalry |
| 14:11 | Queue | Villager (Male) |
| 14:25 | Build | Farm |
| 14:28 | Build | Farm |
| 14:33 | Queue | Villager (Male) |
| 14:42 | Build | Farm |
| 15:02 | Build | House |
| 15:03 | Build | House |
| 15:04 | Queue | Villager (Male) |
| 15:04 | Queue | Scout Cavalry |
| 15:10 | Queue | Scout Cavalry |
| 15:17 | Build | Farm |
| 15:35 | Queue | Scout Cavalry |
| 15:36 | Queue | Villager (Male) |
| 15:40 | Queue | Villager (Male) |
| 15:44 | Build | Farm |
| 15:49 | Build | Palisade Gate |
| 16:00 | Queue | Scout Cavalry |
| 16:01 | Queue | Villager (Male) |
| 16:08 | Queue | Villager (Male) |
| 16:15 | Build | Farm |
| 16:16 | Build | Farm |
| 16:24 | Queue | Scout Cavalry |
| 16:26 | Queue | Villager (Male) |
| 16:31 | Research | Double-Bit Axe |
| 16:35 | Build | House |
| 16:57 | Queue | Villager (Male) |
| 17:01 | Build | Mining Camp |
| 17:04 | Queue | Scout Cavalry |
| 17:12 | Queue | Villager (Male) |
| 17:20 | Build | Lumber Camp |
| 17:26 | Queue | Villager (Male) |
| 17:29 | Queue | Villager (Male) |
| 17:44 | Queue | Villager (Male) |
| 17:56 | Queue | Villager (Male) |
| 18:01 | Build | House |
| 18:05 | Queue | Villager (Male) |
| 18:10 | Build | Blacksmith |
| 18:27 | Queue | Villager (Male) |
| 18:36 | Queue | Villager (Male) |
| 18:43 | Build | Palisade Wall |
| 18:49 | Build | Farm |
| 19:26 | Research | Castle Age |
| 19:34 | Queue | Scout Cavalry |
| 19:41 | Build | Farm |
| 20:03 | Queue | Scout Cavalry |
| 20:08 | Build | Lumber Camp |
| 20:11 | Build | Farm |
| 20:12 | Build | Farm |
| 20:16 | Queue | Scout Cavalry |
| 20:26 | Build | Stable |
| 20:36 | Queue | Scout Cavalry |
| 20:38 | Queue | Villager (Male) |
| 20:40 | Research | Gold Mining |
| 21:23 | Queue | Villager (Male) |
| 21:32 | Queue | Villager (Male) |
| 21:47 | Build | House |
| 21:50 | Build | Palisade Wall |
| 22:02 | Queue | Villager (Male) |
| 22:06 | Age | Castle Age |
| 22:09 | Research | Light Cavalry (upgrade) |
| 22:09 | Research | Bloodlines |
| 22:15 | Build | Monastery |
| 22:21 | Build | Town Center |
| 22:23 | Queue | Villager (Male) |
| 22:25 | Research | Bow Saw |
| 22:25 | Research | Bow Saw |
| 22:32 | Research | Husbandry |
| 22:33 | Queue | Villager (Male) |
| 22:39 | Queue | Knight |
| 22:39 | Queue | Knight |
| 22:55 | Queue | Villager (Male) |
| 23:01 | Build | House |
| 23:02 | Build | House |
| 23:03 | Build | House |
| 23:08 | Queue | Monk |
| 23:21 | Queue | Villager (Male) |
| 23:28 | Queue | Villager (Male) |
| 23:39 | Build | Town Center |
| 23:41 | Queue | Knight |
| 23:48 | Queue | Villager (Male) |
Match timeline
| 5:53 | The nicest husband · first_building Barracks |
| 8:05 | The nicest husband · wall_segment Palisade Wall x1 |
| 8:24 | Jak3y · first_building Barracks |
| 8:54 | Jak3y · age_up feudal |
| 9:18 | The nicest husband · age_up feudal |
| 9:18 | Jak3y · first_building Stable |
| 9:43 | The nicest husband · first_building Archery Range |
| 10:05 | The nicest husband · wall_segment Palisade Wall x10 |
| 10:41 | Jak3y · wall_segment Palisade Wall x1 |
| 10:52 | The nicest husband · wall_segment Palisade Wall x8 |
| 11:06 | The nicest husband · wall_segment Palisade Wall x8 |
| 11:37 | The nicest husband · wall_segment Palisade Wall x4 |
| 12:46 | The nicest husband · wall_segment Palisade Wall x9 |
| 13:37 | Jak3y · wall_segment Palisade Wall x9 |
| 18:43 | Jak3y · wall_segment Palisade Wall x17 |
| 21:50 | Jak3y · wall_segment Palisade Wall x6 |
| 22:06 | Jak3y · age_up castle |
| 22:15 | Jak3y · first_building Monastery |
| 22:52 | The nicest husband · wall_segment Palisade Wall x1 |
| 23:23 | The nicest husband · age_up castle |
| 25:26 | The nicest husband · first_building Monastery |
| 27:46 | Jak3y · first_market_buy 100 wood |
| 29:34 | The nicest husband · wall_segment Palisade Wall x1 |
| 30:58 | The nicest husband · first_building Stable |
| 32:05 | The nicest husband · first_building Castle |
| 32:05 | Jak3y · first_market_sell 100 wood |
| 32:52 | Jak3y · first_building Archery Range |
| 35:43 | Jak3y · age_up imperial |
| 35:58 | The nicest husband · wall_segment Stone Wall x3 |
| 36:29 | Jak3y · first_building Castle |
| 37:05 | The nicest husband · age_up imperial |
| 37:11 | The nicest husband · first_market_buy 100 food |
| 38:21 | The nicest husband · first_market_sell 100 food |
| 38:33 | The nicest husband · first_building Siege Workshop |
| 43:18 | The nicest husband · wall_segment Stone Wall x4 |
| 44:48 | The nicest husband · wall_segment Stone Wall x1 |
| 45:19 | The nicest husband · resign |
[ AI ANALYSIS · 1 CREDIT ]
What really happened in this match?
Wolo.gg analyzes every decision: build order, eco, micro, common mistakes by bracket. Personalized analysis on WhatsApp or Discord in 30 seconds.
Civ guide
Franks
Perfil
Jugador #262424